 Dungeon Crawl Stone Soup version 0.28-a0-863-g8cecda6153 (webtiles) character file.

Game seed: 12783420331976753320

15703 jasper the Peltast (level 12, -1/96 HPs)
             Began as a Minotaur Fighter on Nov 16, 2021.
             Was a High Priest of Okawaru.
             Killed from afar by a molten gargoyle (26 damage)
             ... with a bolt of magma
             ... in a volcano.
             The game lasted 00:18:00 (11829 turns).

jasper the Peltast (Minotaur Fighter)              Turns: 11829, Time: 00:18:00

Health: -1/96      AC: 17    Str: 23    XL:     12   Next: 3%
Magic:  7/15       EV: 10    Int:  3    God:    Okawaru [*****.]
Gold:   600        SH: 15    Dex: 13    Spells: 11/11 levels left

rFire   + . .      SeeInvis .   k - +11 hand axe "Huydeny" {vorpal, rPois rN+ Will+ Int-2}
rCold   x . .      Faith    .   m - +0 kite shield
rNeg    + . .      Spirit   .   s - +0 plate armour
rPois   +          Reflect  .   (helmet restricted)
rElec   .          Harm     .   K - +1 cloak {Will+}
rCorr   +          Rampage  .   (no gloves)
Will    ++...                   (no boots)
Stlth   ..........              (no amulet)
HPRegen 0.26/turn               E - ring of resist corrosion
MPRegen 0.14/turn               n - ring of fire

@: heroic, finesse-ful
A: horns 2, retaliatory headbutt
a: Renounce Religion, Heroism, Finesse, Duel


You were in a volcano.
You worshipped Okawaru.
Okawaru was extremely pleased with you.
You visited 3 branches of the dungeon, and saw 13 of its levels.
You also visited: Volcano.

You collected 600 gold pieces.

Inventory:

Hand Weapons
 a - a +0 war axe
 i - a +0 flail
 k - the +11 hand axe "Huydeny" (weapon) {vorpal, rPois rN+ Will+ Int-2}
   (You found it on level 4 of the Dungeon)

   It inflicts extra damage upon your enemies.
   Int:       It affects your intelligence (-2).
   rPois:     It protects you from poison.
   rN:        It protects you from negative energy.
   Will:      It increases your willpower.
 y - a +5 war axe of freezing
Missiles
 f - 228 stones
 j - 15 poisoned darts (quivered)
 A - 4 boomerangs
 D - 7 javelins
Armour
 b - a +0 scale mail
 c - a +0 buckler
 m - a +0 kite shield (worn)
 q - a +1 cloak
 s - a +0 plate armour (worn)
 z - a scarf of repulsion
 F - a +2 scale mail of poison resistance
 K - a +1 cloak of willpower (worn)
Jewellery
 n - a ring of fire (right hand)
 r - a ring of magical power
 x - a +6 ring of intelligence
 E - a ring of resist corrosion (left hand)
 G - a ring of magical power
Wands
 w - a wand of iceblast (7)
 B - a wand of acid (2)
 C - a wand of paralysis (22)
 H - a wand of flame (24)
Scrolls
 l - a scroll of enchant armour
 o - a scroll of enchant weapon
 t - a scroll of fog
 I - a scroll of immolation
Potions
 d - a potion of lignification {unknown}
 e - 4 potions of curing
 g - 6 potions of attraction
 h - a potion of brilliance
 p - a potion of flight {unknown}
 u - 3 potions of ambrosia {unknown}
 v - 3 potions of degeneration {unknown}


   Skills:
 + Level 6.2(11.2) Fighting
 - Level 14.0(19.0) Axes
 + Level 6.2(11.2) Armour
 + Level 4.2(9.2) Dodging
 - Level 15.0(20.0) Shields
 * Level 5.6 Invocations
 + Level 3.4 Evocations


You had 11 spell levels left.
You didn't know any spells.
Your spell library contained the following spells:

 Spells                   Type           Power      Damage    Failure   Level
 Beastly Appendage        Tmut           0%         N/A       100%        1
 Sandblast                Erth           0%         2d4       100%        1
 Corpse Rot               Necr/Air       0%         N/A       100%        2
 Passwall                 Tmut/Erth      0%         N/A       100%        2
 Poisonous Vapours        Pois/Air       0%         N/A       100%        2
 Wereblood                Tmut           0%         N/A       100%        2
 Portal Projectile        Hex/Tloc       0%         N/A       100%        3
 Spider Form              Tmut/Pois      0%         N/A       100%        3
 Stone Arrow              Conj/Erth      0%         3d7       100%        3
 Airstrike                Air            0%         N/A       100%        4
 Petrify                  Tmut/Erth      0%         N/A       100%        4
 Blade Hands              Tmut           0%         N/A       100%        5
 Excruciating Wounds      Necr           0%         N/A       100%        5
 Lightning Bolt           Conj/Air       0%         1d11      100%        5
 Metabolic Englaciation   Hex/Ice        0%         N/A       100%        5
 Statue Form              Tmut/Erth      0%         N/A       100%        6
 Summon Lightning Spire   Summ/Air       Unusable   N/A       N/A         4

Dungeon Overview and Level Annotations

Branches:
Dungeon (11/15)            Temple (1/1) D:7            Lair (1/6) D:8
    Orc (0/2) D:11        Volcano (1/1)

Altars:
Cheibriados
Elyvilon
Fedhas
Hepliaklqana
Kikubaaqudgha
Okawaru
Qazlal
Sif Muna
Vehumet
Wu Jian
The Shining One


Innate Abilities, Weirdness & Mutations

You have a pair of horns on your head.
You reflexively headbutt those who attack you in melee.


Message History

You take 25 damage, and have 15/89 hp.
MASSIVE DAMAGE!!
You hit the molten gargoyle but do no damage.
You barely miss the yaktaur. You hit the yaktaur.
You feel much better. You block the yaktaur's attack.
The molten gargoyle blasts magma at you!
The bolt of magma hits you! You partially resist.
You block the yaktaur's attack.
You regained 17 hp, and now have 33/89 hp.
You slash the molten gargoyle!
The molten gargoyle is heavily damaged.
You slash the yaktaur! You hit the yaktaur.
You completely miss the molten gargoyle.
You headbutt the molten gargoyle, but do no damage.
The molten gargoyle is heavily damaged.
You hit the yaktaur.
You kill the yaktaur!
Okawaru accepts your kill.
You slash the yaktaur! You block the molten gargoyle's attack.
The yaktaur hits you!
* * * LOW HITPOINT WARNING * * *
You have reached level 12!
Your experience leads to an increase in your attributes!
Your base attributes are Str 22, Int 5, Dex 12.
Increase (S)trength, (I)ntelligence, or (D)exterity?
You feel agile.
You feel stronger.
You take 8 damage, and have 25/96 hp.
You barely miss the molten gargoyle.
The molten gargoyle is heavily damaged.
You slash the yaktaur!
You hit the molten gargoyle but do no damage.
You headbutt the molten gargoyle.
The molten gargoyle is severely damaged.
You slash the yaktaur!
You kill the yaktaur!
Okawaru accepts your kill.
You closely miss the molten gargoyle. You headbutt the molten gargoyle.
The molten gargoyle is almost destroyed.
The molten gargoyle blasts magma at you!
The bolt of magma hits you!! You partially resist.
You die...

##...## ≈≈≈§≈≈§≈§.
#..8..# # ≈≈§≈§≈§§..
#.....##.# ≈≈§≈≈≈§.§.
#.....8)(# §≈§≈≈≈....
#..⌠..#.$# ≈≈§≈≈...#
##)..##[$# §≈≈≈≈...##
##'####'##
≈≈§≈....8###...#)9..##
§≈≈≈.......+.∩.'@)_..#
≈≈≈.....8###...#)...##
≈......### ##+#####+#
......## #..#### ####


You could see a molten gargoyle.

Vanquished Creatures
  2 hydras (Lair:1)
  A boulder beetle (D:11)
  Erolcha (D:9)
  Erica (D:9)
  A centaur warrior (Volcano)
  Urug (D:11)
  Pikel (D:7)
  2 deep elf pyromancers
  A cyclops (D:11)
  A black mamba (Lair:1)
  Joseph (D:10)
  3 cane toads (Lair:1)
  A gargoyle (D:7)
  A komodo dragon (D:8)
  4 yaktaurs (Volcano)
  2 trolls (D:11)
  Prince Ribbit (D:5)
  A blink frog (Lair:1)
  5 yaks
  Sigmund (D:5)
  6 fire bats (Volcano)
  Grum (D:11)
  2 steam dragons
  Menkaure (D:5)
  5 water moccasins
  A hornet zombie (D:8)
  An ice beast (D:8)
  2 black bears
  4 orc warriors
  A necrophage (D:4)
  A centaur (D:9)
  A lemure (D:7)
  3 wolves (D:11)
  A kobold brigand (D:11)
  5 bullfrogs
  2 gnoll sergeants
  3 scorpions
  4 killer bees (D:9)
  5 wights (D:7)
  7 lava snakes (Volcano)
  3 hounds
  4 orc priests
  Crazy Yiuf (D:7)
  A bullfrog skeleton (D:5)
  A centaur skeleton (D:6)
  3 iguanas
  8 orc wizards
  2 hound skeletons (D:5)
  10 gnolls
  A howler monkey skeleton (D:5)
  6 adders
  A white imp (D:6)
  An ufetubus (D:5)
  20 orcs
  6 ball pythons
  10 endoplasms
  12 giant cockroaches
  8 goblins
  7 hobgoblins
  3 jackals (D:2)
  6 quokkas
  4 bats (D:1)
  5 frilled lizards
  8 kobolds
  22 rats
241 creatures vanquished.

Vanquished Creatures (others)
  8 fungi
  16 plants
24 creatures vanquished.

Grand Total: 265 creatures vanquished

Notes
Turn   | Place    | Note
-------+----------+-------------------------------------------
     0 | D:1      | jasper the Minotaur Fighter began the quest for the Orb.
     0 | D:1      | Reached XP level 1. HP: 19/19 MP: 0/0
   175 | D:1      | Reached skill level 4 in Shields
   175 | D:1      | Reached XP level 2. HP: 18/26 MP: 1/1
   756 | D:1      | Reached XP level 3. HP: 28/31 MP: 2/2
  1541 | D:2      | Found a faded altar of an unknown god.
  2004 | D:2      | Reached skill level 5 in Axes
  2004 | D:2      | Reached XP level 4. HP: 20/39 MP: 3/3
  2023 | D:2      | Reached XP level 5. HP: 15/45 MP: 4/4
  2867 | D:4      | Identified the +11 hand axe "Huydeny" {vorpal, rPois rN+
                  | Will+ Int-2}
  2902 | D:4      | Noticed a black bear
  2910 | D:4      | Killed a black bear
  2911 | D:4      | Reached XP level 6. HP: 51/51 MP: 5/5
  3269 | D:4      | Reached XP level 7. HP: 50/57 MP: 6/6
  3420 | D:5      | Entered Level 5 of the Dungeon
  3435 | D:5      | Noticed Sigmund
  3439 | D:5      | Killed Sigmund
  3449 | D:5      | Reached skill level 10 in Axes
  3571 | D:5      | Noticed Menkaure
  3595 | D:5      | Killed Menkaure
  3920 | D:5      | Reached XP level 8. HP: 64/64 MP: 7/7
  3979 | D:5      | Noticed Prince Ribbit
  3985 | D:5      | Killed Prince Ribbit
  5252 | D:6      | Noticed a deep elf pyromancer
  5259 | D:6      | Killed a deep elf pyromancer
  5260 | D:6      | Reached XP level 9. HP: 33/70 MP: 8/8
  5653 | D:7      | Reached skill level 5 in Shields
  5782 | D:7      | Found a runed translucent door.
  5783 | D:7      | Noticed Crazy Yiuf
  5842 | D:7      | Found a staircase to the Ecumenical Temple.
  5844 | D:7      | Noticed Pikel
  5868 | D:7      | Killed Pikel
  5869 | D:7      | Reached skill level 7 in Shields
  5878 | D:7      | Reached skill level 8 in Shields
  6018 | D:7      | Noticed a gargoyle
  6026 | D:7      | Killed a gargoyle
  6027 | D:7      | Reached skill level 9 in Shields
  6387 | D:7      | Reached skill level 10 in Shields
  6762 | D:7      | Killed Crazy Yiuf
  6796 | Temple   | Entered the Ecumenical Temple
  6805 | Temple   | Became a worshipper of Warmaster Okawaru
  7044 | D:8      | Reached XP level 10. HP: 74/77 MP: 9/9
  7057 | D:8      | Reached skill level 11 in Shields
  7060 | D:8      | Reached * piety under Okawaru
  7107 | D:8      | Found a staircase to the Lair.
  7771 | D:9      | Noticed Erica
  7783 | D:9      | Killed Erica
  7784 | D:9      | Reached skill level 12 in Shields
  8207 | D:9      | Noticed Erolcha
  8221 | D:9      | Killed Erolcha
  8221 | D:9      | Reached ** piety under Okawaru
  8222 | D:9      | Reached skill level 13 in Shields
  8553 | D:9      | Reached skill level 14 in Shields
  8713 | D:10     | Entered Level 10 of the Dungeon
  8728 | D:10     | Noticed Joseph
  8741 | D:10     | Killed Joseph
  9209 | D:11     | Reached *** piety under Okawaru
  9340 | D:11     | Reached XP level 11. HP: 81/82 MP: 10/10
  9365 | D:11     | Noticed Grum
  9370 | D:11     | Reached skill level 15 in Shields
  9376 | D:11     | Killed Grum
  9382 | D:11     | HP: 4/83 [troll (4)]
  9384 | D:11     | Reached skill level 1 in Invocations
  9850 | D:11     | Noticed a deep elf pyromancer
  9863 | D:11     | Found a staircase to the Orcish Mines.
  9864 | D:11     | Killed a deep elf pyromancer
  9865 | D:11     | Reached skill level 1 in Dodging
  9880 | D:11     | Reached skill level 1 in Evocations
  9887 | D:11     | Noticed a boulder beetle
  9912 | D:11     | Killed a boulder beetle
 10146 | D:11     | Reached **** piety under Okawaru
 10322 | D:11     | Noticed Urug
 10334 | D:11     | Killed Urug
 10862 | Lair:1   | Entered Level 1 of the Lair of Beasts
 10872 | Lair:1   | Noticed a six-headed hydra
 10882 | Lair:1   | Killed a six-headed hydra
 10883 | Lair:1   | Reached skill level 5 in Fighting
 10883 | Lair:1   | Reached skill level 5 in Armour
 10980 | Lair:1   | Noticed a six-headed hydra
 11068 | Lair:1   | Killed a six-headed hydra
 11068 | Lair:1   | Reached ***** piety under Okawaru
 11222 | Lair:1   | Found a dark tunnel.
 11229 | Volcano  | Entered a volcano
 11595 | Volcano  | Reached skill level 5 in Invocations
 11597 | Volcano  | Received a gift from Okawaru
 11814 | Volcano  | Found a radiant altar of Vehumet.
 11814 | Volcano  | Noticed a centaur warrior
 11821 | Volcano  | Killed a centaur warrior
 11827 | Volcano  | Reached XP level 12. HP: 25/96 MP: 6/15
 11829 | Volcano  | Killed from afar by a molten gargoyle

Illustrated notes

Levels and vault maps discovered:
D:1:      dpeg_arrival_shelter, layout_loops_corners, moated_statue,
          hangedman_decor_clover_reticule, st_stairs_10,
          minmay_shallow_snake_nest
D:2:      layout_loops_ring, shapermc_ecumenical_altar_petra,
          minmay_tree_intersection
D:3:      minmay_roachtagon, layout_rooms, minmay_rat_hole
D:4:      layout_basic
D:5:      layout_basic, uniq_sigmund, uniq_menkaure, uniq_prince_ribbit1
D:6:      layout_basic, zin_purify, guppyfry_early_elven_hall
D:7:      layout_loops_ring, minmay_temple_entry_mini_moons,
          grunt_decor_arrowhead, uniq_pikel, uniq_crazy_yiuf_cottage
D:8:      layout_basic, grunt_lair_entry_orc_guard_hut
D:9:      layout_roguey, uniq_erolcha, uniq_erica
D:10:     layout_long_grid, serial_bayou, serial_bayou_lagoon_b,
          serial_bayou_pond_b, serial_bayou_pond_e, serial_bayou_lake_a,
          uniq_maggie, uniq_joseph
D:11:     layout_basic, david_orc_2, uniq_grum, uniq_urug
Temple:   grunt_wide_crystal_templ
Lair:1:   dragon1_lemuel, layout_small_grid, nicolae_volcano_entry_two_sided,
          infiniplex_staircase_pool_2
Volcano:  volcano_grotto [vgs_many_chambers]

Skill      XL: |  1  2  3  4  5  6  7  8  9 10 11 |
---------------+----------------------------------+-----
Shields        | 4 10 14 15 | 15.0
Axes           | 3 5 6 7 9 11 14 | 14.0
Invocations    | 5 |  5.6
Fighting       | 6 |  6.2
Armour         | 6 |  6.2
Dodging        | 4 |  4.2
Evocations     | 3 |  3.4

Action                   |  1- 3 |  4- 6 |  7- 9 | 10-12 || total
-------------------------+-------+-------+-------+-------++-------
Melee: War axe           |    83 |    78 |       |       ||   161
       Headbutt          |    13 |     7 |    22 |    51 ||    93
       Hand axe          |       |    21 |   157 |   218 ||   396
       Flail             |       |       |       |    22 ||    22
Throw: Stone             |    48 |     7 |       |       ||    55
       Dart              |       |     4 |    10 |     5 ||    19
Invok: Heroism           |       |       |       |     4 ||     4
       Finesse           |       |       |       |     1 ||     1
Evoke: Wand              |       |       |    11 |    15 ||    26
  Use: Scroll            |     3 |     2 |     3 |     4 ||    12
       Potion            |     1 |     1 |       |     2 ||     4
 Stab: Paralysed         |       |       |       |     4 ||     4
Armor: Scale mail        |    30 |    51 |    14 |    29 ||   124
       Plate armour      |       |       |    27 |    38 ||    65
Dodge: Dodged            |    36 |    40 |    30 |    43 ||   149
Block: Buckler           |    23 |    10 |    13 |       ||    46
       Kite shield       |       |       |    11 |   135 ||   146

Table legend: (Time is in decaauts)
 A = Elapsed time spent in this place.
 B = Non-inter-level travel time spent in this place.
 C = Inter-level travel time spent in this place.
 D = Time resting spent in this place.
 E = Time spent auto-exploring this place.
 F = Levels seen in this place.
 G = Mean time per level.
                   A        B        C        D        E       F      G
               +--------+--------+--------+--------+--------+-----+--------+
         Total |  11732 |  11219 |    513 |   2762 |   6642 |  14 |  838.0 |
       Dungeon |  10776 |  10271 |    505 |   2567 |   6200 |  11 |  979.6 |
        Temple |     18 |     10 |      8 |      0 |      0 |   1 |   18.0 |
          Lair |    355 |    355 |      0 |     44 |    135 |   1 |  355.0 |
       Volcano |    582 |    582 |      0 |    151 |    307 |   1 |  582.0 |
               +--------+--------+--------+--------+--------+-----+--------+

Top non-repeatable levels by time:
     D:5: 1721 daAuts
    D:11: 1563 daAuts
     D:7: 1245 daAuts
     D:1: 1193 daAuts
     D:2: 1087 daAuts
     D:9: 1022 daAuts
     D:8: 810 daAuts
     D:3: 616 daAuts
 Volcano: 582 daAuts
     D:4: 573 daAuts
    D:10: 481 daAuts
     D:6: 461 daAuts
  Lair:1: 355 daAuts
  Temple: 18 daAuts
